 Dungeon Crawl Stone Soup version 0.27.1-33-g824d729ab1 (webtiles) character file.

Game seed: 3671753026483516326

25 zeram the Firebug (level 2, -1/24 HPs)
             Began as a Troll Fire Elementalist on Dec 4, 2021.
             Slain by Terence (16 damage)
             ... on level 2 of the Dungeon.
             The game lasted 00:01:09 (964 turns).

zeram the Firebug (Troll Fire Elementalist)          Turns: 964, Time: 00:01:10

Health: -1/24      AC:  4    Str: 15    XL:     2   Next: 82%
Magic:  2/2        EV: 14    Int: 11    God:
Gold:   93         SH:  0    Dex: 10    Spells: 2/3 levels left

rFire    . . .     SeeInvis .   c - +0 club
rCold    . . .     Faith    .   (no shield)
rNeg     . . .     Spirit   .   a - +0 robe
rPois    .         Reflect  .   (helmet restricted)
rElec    .         Harm     .   (no cloak)
rCorr    .         Rampage  .   (gloves unavailable)
Will     .....                  (boots unavailable)
Stlth    +.........             (no amulet)
HPRegen  1.08/turn              e - +4 ring of evasion
MPRegen  0.08/turn              (no ring)

@: no status effects
A: large, unfitting armour, claws 3, regeneration 1, shaggy fur 1, tough skin 1
a: no special abilities


You were on level 2 of the Dungeon.
You visited 1 branch of the dungeon, and saw 2 of its levels.

You collected 93 gold pieces.

Inventory:

Hand Weapons
 c - a +0 club (weapon)
Armour
 a - a +0 robe (worn)
Jewellery
 e - a +4 ring of evasion (left claw)
Scrolls
 b - 2 scrolls of magic mapping {unknown}
 f - a scroll of vulnerability {unknown}
Potions
 d - a potion of curing {unknown}


   Skills:
 + Level 2.0 Dodging
 - Level 1.0 Stealth
 - Level 1.2 Spellcasting
 + Level 0.6 Conjurations
 + Level 2.8 Fire Magic


You had 2 spell levels left.
You knew the following spells:

 Your Spells              Type           Power      Damage    Failure   Level
a - Foxfire               Conj/Fire      16%        2x1d4     16%         1

Your spell library contained the following spells:

 Spells                   Type           Power      Damage    Failure   Level
 Conjure Flame            Conj/Fire      4%         6-21      43%         3
 Inner Flame              Hex/Fire       3%         N/A       47%         3
 Gell's Gravitas          Tloc           0%         N/A       67%         3
 Lesser Beckoning         Tloc           0%         N/A       67%         3
 Teleport Other           Tloc           0%         N/A       67%         3
 Sticky Flame             Conj/Fire      4%         2d3       83%         4
 Fireball                 Conj/Fire      2%         3d4       99%         5


Dungeon Overview and Level Annotations

Branches:
Dungeon (2/15)

Altars:
Okawaru

Annotations:
D:2 Terence


Innate Abilities, Weirdness & Mutations

You are too large for most types of armour.
You have claws for hands.
Your natural rate of healing is unusually fast.
You are covered in fur. (AC +1)
You have tough skin. (AC +1)


Message History

Moving in this stuff is going to be slow.
You enter the shallow water.
Moving in this stuff is going to be slow.
You enter the shallow water.
Moving in this stuff is going to be slow.
You see here a +0 dagger.
Found an escape hatch in the ceiling.
You open the door.
Found a faded altar of an unknown god.
There is an open door here.
A bat and a hobgoblin come into view.
The hobgoblin shouts!
You hear a shout!
There are monsters nearby!
There are monsters nearby!
There are monsters nearby!
The bat closely misses you.
You hit the bat.
The bat is severely wounded.
The bat barely misses you. The bat closely misses you.
The bat hits you but does no damage.
You hit the bat.
You kill the bat!
The hobgoblin closely misses you.
You closely miss the hobgoblin. The hobgoblin barely misses you.
You hit the hobgoblin.
The hobgoblin is heavily wounded.
The hobgoblin completely misses you.
The hobgoblin hits you but does no damage.
You hit the hobgoblin.
The hobgoblin is severely wounded.
Terence the Incautious comes into view.
He is wielding a +0 mace of distortion.
The hobgoblin hits you.
You hit the hobgoblin.
You kill the hobgoblin!
Things that are here:
a +0 hunting sling; a scroll labelled FERUNIXIPN; 8 gold pieces Terence hits you with a +0 mace of distortion!
Space warps horribly around you!
Ouch! That really hurt!
You die...

## #<.#≈≈≈≈#
.###..#≈≈≈≈# #..
..≈.≈.#≈≈≈≈# #..
≈≈≈≈≈≈.≈≈≈≈## #..
.≈≈≈≈≈≈≈≈≈≈.# #.#
.≈≈≈≈≈≈≈≈≈≈## ...
≈≈≈≈≈≈≈≈≈.≈# #.#
.....≈.≈...#####@######
...##...##.#....@.....#
...####.##.#....).....#
...# #.##.#...<......#
...#
#..#.#####.########
...# #..#.# #.###PPPP##
...#
#..#)#####...#PPP..##
...#
#....#.....#.'PPPPP._
...#
#...##.###.###.PP.P##
...#
#........#.###PP.P##


You could see Terence.

Vanquished Creatures
  2 endoplasms (D:1)
  2 goblins (D:1)
  4 hobgoblins
  3 kobolds
  A quokka (D:1)
  4 bats
  A frilled lizard (D:2)
  6 rats
23 creatures vanquished.

Notes
Turn   | Place    | Note
-------+----------+-------------------------------------------
     0 | D:1      | zeram the Troll Fire Elementalist began the quest for the
                  | Orb.
     0 | D:1      | Reached XP level 1. HP: 16/16 MP: 1/1
   357 | D:1      | Reached XP level 2. HP: 24/24 MP: 2/2
   900 | D:2      | Found an iron altar of Okawaru.
   951 | D:2      | Found a faded altar of an unknown god.
   961 | D:2      | Noticed Terence
   964 | D:2      | Slain by Terence

Illustrated notes

Levels and vault maps discovered:
D:1:      dpeg_arrival_solitude, layout_basic, serial_park_tiny_2
D:2:      layout_basic, shapermc_ecumenical_altar_flowoftime, serial_rivers,
          chequers_serial_rivers_marsh, chequers_serial_rivers_micro_e,
          chequers_serial_rivers_room_b, chequers_serial_rivers_large_a,
          basic_altar, dk_noncrumbling_2, chequers_garden,
          minmay_misc_feat_nine_boxes, uniq_terence

Skill      XL: |  1  2 |
---------------+-------+-----
Dodging        | 2 |  2.0
Stealth        | |  1.0
Spellcasting   | |  1.2
Conjurations   | |  0.6
Fire Magic     | |  2.8

Action                   || total
-------------------------++-------
Melee: Club              ||   123
       Unarmed           ||     6
 Stab: Sleeping          ||     5
Armor: Robe              ||    59
Dodge: Dodged            ||   104
